 Dungeon Crawl Stone Soup version 0.17.1-2-g5865329 (webtiles) character file.

8808 DeXoteric the Cleaver (level 11, -19/85 HPs)
             Began as a Formicid Fighter on Jan 10, 2016.
             Was a High Priest of Makhleb.
             Demolished by a komodo dragon (20 damage)
             ... on level 11 of the Dungeon.
             The game lasted 00:21:55 (11161 turns).

DeXoteric the Cleaver (Formicid Fighter)           Turns: 11161, Time: 00:21:55

Health: -19/85     AC: 20    Str: 23    XL:     11   Next: 62%
Magic:  16/16      EV:  6    Int:  9    God:    Makhleb [*****.]
Gold:   609        SH: 11    Dex: 10    Spells: 0 memorised, 10 levels left

rFire  + . .     SeeInvis +     a - +0 battleaxe
rCold  + . .     Clarity  .     A - +0 plate armour
rNeg   . . .     SustAt   .     c - +0 shield
rPois  +         Gourm    .     (helmet unavailable)
rElec  +         Spirit   .     B - +0 cloak
rCorr  +         Warding  .     l - +0 pair of gloves
rMut   .         Stasis   +     r - +0 pair of boots
MR     +....                    (no amulet)
Stlth  ..........               D - +6 ring of protection
                                w - ring of poison resistance

@: resistant, somewhat resistant to hostile enchantments, extremely unstealthy
A: permanent stasis, dig shafts and tunnels, four strong arms, antennae 3
a: Dig, Shaft Self, Minor Destruction, Lesser Servant of Makhleb, Major
Destruction, Greater Servant of Makhleb, Renounce Religion


You were on level 11 of the Dungeon.
You worshipped Makhleb.
Makhleb was extremely pleased with you.
You were very hungry.

You visited 2 branches of the dungeon, and saw 12 of its levels.

You collected 609 gold pieces.

Inventory:

Hand Weapons
 a - a +0 battleaxe (weapon)
 b - a +0 hand axe of flaming
 N - a +0 war axe
Armour
 c - a +0 shield (worn)
 l - a +0 pair of gloves (worn)
 r - a +0 pair of boots (worn)
 A - a +0 plate armour (worn)
 B - a +0 cloak (worn)
Jewellery
 w - a ring of poison resistance (left hand)
 D - a +6 ring of protection (right hand)
Wands
 i - a wand of frost (22)
 n - a wand of frost (37)
 I - a wand of draining (3)
 K - a wand of frost (11)
Scrolls
 f - 7 scrolls of teleportation {unknown}
 g - 8 scrolls of remove curse {unknown}
 j - 4 scrolls of fog {unknown}
 q - 3 scrolls of magic mapping {unknown}
 s - 5 scrolls of random uselessness {unknown}
 t - a scroll of immolation {unknown}
 u - 4 scrolls of blinking {unknown}
 y - a scroll of holy word {unknown}
 E - a scroll of enchant weapon {unknown}
 H - a scroll of amnesia {unknown}
 J - a scroll of summoning {unknown}
 O - a scroll of identify
Potions
 d - a potion of might
 h - a potion of lignification
 k - 3 potions of magic
 o - 2 potions of heal wounds
 v - a potion of flight
 x - 2 potions of resistance
 z - a potion of agility
 C - 2 potions of curing
 G - a potion of cure mutation {unknown}
 M - a potion of brilliance {unknown}
Miscellaneous
 F - a lamp of fire
Comestibles
 e - 7 bread rations
 m - 3 beef jerkies
 p - 8 meat rations


   Skills:
 + Level 7.7 Fighting
 * Level 13.0 Axes
 - Level 3.2 Armour
 - Level 9.2 Shields
 + Level 7.2 Invocations


You had 10 spell levels left.
You didn't know any spells.

Dungeon Overview and Level Annotations

Branches:
Dungeon (11/15)            Temple (1/1) D:4
   Lair: D:8-11         Orc: D:9-12

Altars:
Ashenzari
Cheibriados
Dithmenos
Elyvilon
Fedhas
Gozag
Kikubaaqudgha
Makhleb
Nemelex Xobeh
Okawaru
Qazlal
Ru
Sif Muna
Trog
Vehumet
Xom
Yredelemnul
Zin
The Shining One

Annotations:
D:5 1 runed door
D:7 1 exclusion


Innate Abilities, Weirdness & Mutations

You are under a permanent stasis effect.
You can dig through walls and to a lower floor.
Your four strong arms can wield two-handed weapons with a shield.
You have a pair of large antennae on your head (SInv).


Message History

The bolt of electricity hits you! You resist.
A jelly comes into view.
The jelly quivers.
You block the komodo dragon's attack.
The electric eel shoots out a bolt of lightning at you!
The bolt of electricity hits you! You resist.
* * * LOW HITPOINT WARNING * * *
You take 3 damage, and have 20/85 hp.
You open the door.
The komodo dragon bites you but does no damage.
There is an open door here.
You are too injured to fight recklessly!
You slash the komodo dragon! The komodo dragon barely misses you.
You closely miss the komodo dragon. The komodo dragon bites you!
* * * LOW HITPOINT WARNING * * *
You take 13 damage, and have 8/85 hp.
You closely miss the komodo dragon. The komodo dragon bites you!
* * * LOW HITPOINT WARNING * * *
The komodo dragon bites you!!
You die...

... ≈≈≈≈≈≈≈≈≈≈≈... ...
≈≈;≈≈≈≈≈≈Y.P. ..P
≈{;..≈≈≈≈YY. .... ##
.....≈≈≈YP.PPP.P
##.##....≈≈≈Y.......
##...##..≈≈≈≈Y.P.P...
≈≈#.....#..≈≈≈≈≈≈P.P.P.
≈≈##..a##..≈≈≈≈≈≈..P.P.
≈≈{##.#lJ..≈;≈≈≈.P.P.P.
≈≈{.###....≈≈≈≈≈.....P.
≈;;........≈≈≈≈≈.....P.
≈≈≈..!.....≈≈≈≈≈.P...P.
≈≈≈........≈≈≈≈≈.......
≈≈≈.......≈≈≈≈≈....P.P.
.......................
.......................


You could see a komodo dragon, a jelly and an electric eel.

Vanquished Creatures
  A hydra (D:9)
  2 hill giants (D:10)
  Pikel (D:7)
  A merfolk (D:11)
  A two-headed ogre (D:9)
  7 yaks
  The ghost of Caphalor the Spear-Bearer, an amateur MfBe of Trog (D:3)
  A mottled dragon (D:11)
  A hog (D:11)
  A slave (D:7)
  A phantom (D:7)
  A sky beast (D:5)
  2 ice beasts
  3 orc warriors
  A black bear (D:7)
  An ogre (D:4)
  2 crocodiles
  3 centaurs
  5 big kobolds
  8 giant frogs
  4 scorpions
  10 killer bees
  2 electric eels (D:11)
  11 wights
  4 crimson imps
  2 giant frog skeletons
  A giant frog zombie (D:10)
  4 orc priests
  3 iguanas
  2 jellies
  3 centaur skeletons
  Ijyb (D:3)
  5 hounds
  11 orc wizards
  15 worker ants
  3 sheep
  A hound zombie (D:10)
  A hound skeleton (D:9)
  A worker ant zombie (D:7)
  11 adders
  2 oozes
  An adder zombie (D:8)
  4 worms
  An adder skeleton (D:8)
  7 giant geckos
  30 orcs
  8 goblins
  8 hobgoblins
  5 jackals
  21 kobolds
  A ball python (D:2)
  2 bats
  10 giant cockroaches
  7 giant newts
  A jackal zombie (D:6)
  6 quokkas
  A quokka zombie (D:10)
  8 rats
262 creatures vanquished.

Vanquished Creatures (others)
  An adder skeleton (D:7)
  2 worms (D:7)
  An orc (D:9)
  2 rats (D:7)
  33 plants (D:11)
39 creatures vanquished.

Grand Total: 301 creatures vanquished

Notes
Turn   | Place    | Note
--------------------------------------------------------------
     0 | D:1      | DeXoteric the Formicid Fighter began the quest for the Orb.
     0 | D:1      | Reached XP level 1. HP: 18/18 MP: 1/1
   133 | D:1      | Reached XP level 2. HP: 24/24 MP: 2/2
   342 | D:1      | Reached skill level 4 in Shields
   709 | D:2      | Reached XP level 3. HP: 29/29 MP: 3/3
  1431 | D:2      | Reached XP level 4. HP: 35/35 MP: 4/4
  2117 | D:3      | Noticed Caphalor's ghost (amateur MfBe)
  2133 | D:2      | Reached XP level 5. HP: 26/41 MP: 5/5
  2730 | D:3      | Killed Caphalor's ghost
  2730 | D:3      | Reached skill level 5 in Axes
  2730 | D:3      | Reached skill level 5 in Shields
  2730 | D:3      | Reached XP level 6. HP: 33/47 MP: 6/6
  3133 | D:3      | Noticed Ijyb
  3144 | D:3      | Killed Ijyb
  3884 | D:4      | Found a staircase to the Ecumenical Temple.
  3982 | Temple   | Entered the Ecumenical Temple
  4050 | Temple   | Became a worshipper of Makhleb the Destroyer
  4164 | D:4      | Reached skill level 6 in Shields
  4164 | D:4      | Reached XP level 7. HP: 47/52 MP: 7/7
  4748 | D:5      | Entered Level 5 of the Dungeon
  4749 | D:5      | Found a shadowy altar of Dithmenos.
  4886 | D:5      | Reached skill level 7 in Axes
  4886 | D:5      | Reached XP level 8. HP: 54/58 MP: 8/8
  5122 | D:5      | Found a blossoming altar of Fedhas.
  5188 | D:5      | Found a runed door.
  5191 | D:5      | Found a runed door.
  5202 | D:5      | Reached * piety under Makhleb
  5531 | D:6      | Reached skill level 8 in Axes
  5595 | D:6      | Found an iron altar of Okawaru.
  5765 | D:6      | Found a shadowy altar of Dithmenos.
  5784 | D:6      | Reached ** piety under Makhleb
  5826 | D:6      | Reached XP level 9. HP: 29/64 MP: 9/9
  6104 | D:6      | Reached skill level 9 in Axes
  6212 | D:6      | Found a sand-covered staircase.
  6579 | D:7      | Noticed Pikel
  6614 | D:7      | Killed Pikel
  6846 | D:7      | Reached skill level 10 in Axes
  6962 | D:7      | Reached skill level 1 in Invocations
  7333 | D:7      | Found a shattered altar of Ashenzari.
  7477 | D:7      | Noticed a moth of wrath
  7480 | D:7      | Found a bloodstained altar of Trog.
  7595 | D:8      | Reached *** piety under Makhleb
  7605 | D:8      | Reached XP level 10. HP: 49/71 MP: 11/11
  7894 | D:8      | Found a sacrificial altar of Ru.
  8207 | D:8      | Reached skill level 5 in Fighting
  8207 | D:8      | Reached skill level 11 in Axes
  8450 | D:9      | Reached **** piety under Makhleb
  8688 | D:9      | Found a white marble altar of Elyvilon.
  8737 | D:9      | Reached skill level 5 in Invocations
  8771 | D:9      | Found a basalt altar of Yredelemnul.
  9279 | D:9      | Reached skill level 12 in Axes
  9279 | D:9      | Reached XP level 11. HP: 83/83 MP: 15/15
  9292 | D:9      | Noticed a three-headed hydra
  9298 | D:9      | Killed a one-headed hydra
  9402 | D:10     | Entered Level 10 of the Dungeon
  9402 | D:10     | Noticed a hill giant
  9412 | D:10     | Killed a hill giant
  9576 | D:10     | Noticed a hill giant
  9606 | D:10     | Killed a hill giant
  9606 | D:10     | Reached ***** piety under Makhleb
 10733 | D:11     | Reached skill level 13 in Axes
 11161 | D:11     | HP: 1/85 [komodo dragon (8)]
 11161 | D:11     | Demolished by a komodo dragon

Action                   |  1- 3 |  4- 6 |  7- 9 | 10-12 || total
-------------------------+-------+-------+-------+-------++-------
Melee: War axe           |   107 |   171 |   455 |   414 ||  1147
       Battleaxe         |       |       |       |    56 ||    56
       Hand axe          |       |       |       |     7 ||     7
  Use: Scroll            |       |       |       |     9 ||     9
       Potion            |       |       |       |     1 ||     1
 Stab: Confused          |       |       |       |     1 ||     1
  Eat: Chunk             |     2 |     8 |    12 |    10 ||    32
       Pizza             |       |       |       |     1 ||     1
